 Dungeon Crawl Stone Soup version 0.27.0-1-g7a089689b8 (webtiles) character file.

Game seed: 11881338179919689482

10690 avis the Martial Artist (level 11, -7/115 HPs)
             Began as an Octopode Transmuter on Aug 2, 2021.
             Was an Initiate of Gozag.
             Mangled by a death knight (8 damage)
             ... on level 8 of the Dungeon.
             The game lasted 01:21:03 (14822 turns).

avis the Martial Artist (Octopode Transmuter)      Turns: 14822, Time: 01:21:05

Health: -7/115     AC: 29    Str: 13    XL:     11   Next: 66%
Magic:  14/15      EV:  2    Int: 15    God:    Gozag
Gold:   116        SH:  5    Dex: 13    Spells: 5/16 levels left

rFire    . . .     SeeInvis .   l - +2 scimitar (flame)
rCold    . . .     Faith    .   v - +0 buckler
rNeg     + + +     Spirit   .   (helmet currently unavailable)
rPois    +         Reflect  .   (no amulet)
rElec    .         Harm     .   b - ring of resist corrosion
rCorr    +         Rampage  .   j - +4 ring of protection
Will     .....     NoTele   +   B - ring of wizardry
Stlth    ++........             (no ring)
HPRegen  0.29/turn              (no ring)
MPRegen  0.14/turn              (no ring)
                                (no ring)
                                (no ring)

@: lethally poisoned (-7 -> -11), tree-form
A: stationary, stasis, torment immunity, boosted hp, almost no armour,
(amphibious), 8 rings, (camouflage 1), (gelatinous body 1), (nimble swimmer 1),
(tentacles)
a: Renounce Religion, Potion Petition, Call Merchant, Bribe Branch


You were on level 8 of the Dungeon.
You worshipped Gozag.
Gozag was aware of your devotion.
You were a tree.
You visited 2 branches of the dungeon, and saw 10 of its levels.

You collected 1259 gold pieces.
You spent 591 gold pieces at shops.
You paid 552 gold pieces to Gozag.

Inventory:

Hand Weapons
 a - the +7 sceptre of Torment {pain, torment}
   (You found it on level 4 of the Dungeon)

   In the hands of one skilled in necromantic magic, it inflicts extra damage on
   living creatures.
   It occasionally torments all nearby living foes when it strikes in combat.
 h - a +1 dagger of protection
 l - a +2 scimitar of flaming (weapon)
 u - a +0 vampiric spear
Missiles
 c - 8 javelins
 e - 3 boomerangs
 m - 8 silver boomerangs
 r - 3 datura-tipped darts (quivered)
 y - 108 arrows
 z - 28 poisoned darts
Armour
 p - a +0 kite shield of protection
 v - a +0 buckler (worn)
 H - a +0 kite shield
Jewellery
 b - a ring of resist corrosion (left branch)
 j - a +4 ring of protection (right branch)
 B - a ring of wizardry (on tentacle)
Scrolls
 d - 2 scrolls of enchant weapon {unknown}
 f - a scroll of brand weapon {unknown}
 i - a scroll of fear {unknown}
 k - 5 scrolls of teleportation
 n - 3 scrolls of amnesia {unknown}
 s - a scroll of immolation {unknown}
 F - 3 scrolls of silence
Potions
 g - 3 potions of cancellation
 q - a potion of invisibility {unknown}
 A - a potion of magic
 C - a potion of brilliance
 D - 2 potions of flight


   Skills:
 - Level 8.0 Fighting
 - Level 5.0 Dodging
 - Level 3.0 Stealth
 * Level 4.5 Shields
 - Level 13.0 Unarmed Combat
 - Level 3.0 Spellcasting
 - Level 5.0 Transmutations
 - Level 4.0 Ice Magic
 - Level 2.0 Poison Magic


You had 5 spell levels left.
You knew the following spells:

 Your Spells              Type           Power      Damage    Failure   Level
a - Beastly Appendage     Tmut           34%        N/A       1%          1
o - Ozocubu's Armour      Ice            14%        N/A       4%          3
p - Spider Form           Tmut/Pois      6%         N/A       6%          3
q - Ice Form              Ice/Tmut       15%        N/A       12%         4

Your spell library contained the following spells:

 Spells                   Type           Power      Damage    Failure   Level
 Wereblood                Tmut           17%        N/A       1%          2
 Frozen Ramparts          Ice            28%        1d4       4%          3
 Animate Skeleton         Necr           4%         N/A       9%          1
 Apportation              Tloc           4%         N/A       9%          1
 Corona                   Hex            2%         N/A       9%          1
 Summon Small Mammal      Summ           8%         N/A       9%          1
 Ignite Poison            Fire/Tmut/Pois 9%         N/A       10%         3
 Conjure Flame            Conj/Fire      2%         6-21      24%         3
 Stone Arrow              Conj/Erth      4%         3d7       24%         3
 Summon Ice Beast         Ice/Summ       8%         N/A       32%         4
 Sticky Flame             Conj/Fire      2%         2d3       58%         4
 Metabolic Englaciation   Hex/Ice        4%         N/A       65%         5
 Simulacrum               Ice/Necr       4%         N/A       99%         6
 Lehudib's Crystal Spear  Conj/Erth      1%         10d2      100%        8
 Animate Armour           Summ/Erth      Unusable   N/A       N/A         4

Dungeon Overview and Level Annotations

Branches:
Dungeon (9/15)             Temple (1/1) D:7             Orc (0/2) D:9
   Lair: D:8-11

Altars:
Ashenzari
Cheibriados
Dithmenos
Elyvilon
Fedhas
Gozag
Hepliaklqana
Kikubaaqudgha
Makhleb
Nemelex Xobeh
Okawaru
Qazlal
Ru
Sif Muna
Trog
Uskayaw
Vehumet
Wu Jian
Xom
Yredelemnul
Zin
The Shining One


Innate Abilities, Weirdness & Mutations

You are a tree.
Your roots penetrate the ground, keeping you stationary.
You cannot be teleported.
You are immune to unholy pain and torment.
Your maximum health is greatly increased.
You cannot wear most types of armour.
((You are amphibious.))
You can wear up to eight rings at the same time.
((Your skin changes colour to match your surroundings (Stealth+).))
((Your rubbery body absorbs attacks. (AC +1, EV +1)))
((You are camouflaged near water. (Stealth+)))
((You have tentacles for arms and can constrict up to eight enemies at once.))


Message History

You feel extremely sick.
The death knight mumbles some strange prayers to Yredelemnul against you.
Your body is wracked with pain!
* * * LOW HITPOINT WARNING * * *
You feel better. The death knight completely misses you.
Really quaff the potion of lignification?
Your transformation has ended.
Your +2 scimitar of flaming unmelds from your body.
Your +0 buckler unmelds from your body.
Your +2 scimitar of flaming bursts into flame!
You turn into a tree.
Your roots penetrate the ground.
The death knight hits you but does no damage.
You slash the death knight! You burn the death knight.
The death knight is heavily wounded.
You block the death knight's attack.
You hit the death knight but do no damage.
The death knight is heavily wounded.
You block the death knight's attack.
You barely miss the death knight.
The death knight is heavily wounded.
The death knight hits you with a +3 glaive of venom.
* * * LOW HITPOINT WARNING * * *
You are poisoned.
The death knight hits you but does no damage.
You closely miss the death knight.
The death knight is heavily wounded.
You feel very sick.
The death knight hits you with a +3 glaive of venom!
* * * LOW HITPOINT WARNING * * *
Okay, then.
Okay, then.
You hit the death knight but do no damage.
The death knight is heavily wounded.
* * * LOW HITPOINT WARNING * * *
You feel sick.
The death knight hits you with a +3 glaive of venom.
* * * LOW HITPOINT WARNING * * *
The death knight hits you with a +3 glaive of venom!
You die...
Your body crumbles into a pile of gold.

..............#
.............##
............##
.......##...#
.###.....[..#####
..###.....)[.##.###
...##....)[..#....#
......#........p.##
.#.....#.###....♣.#
####...#..##......#
#.....##..###...(<#
..###..#..##.....##
#.##..........#...#
..##..........#..##
......#......#...##
#....###.....#....##
#...##
##........[.##


You could see a death knight (very poisoned).

Vanquished Creatures
  A hydra (D:6)
  2 two-headed ogres
  Erica (D:8)
  A centaur warrior (D:9)
  Pikel (D:3)
  A cyclops (D:9)
  Maggie (D:7)
  Psyche (D:8)
  A tengu conjurer (D:9)
  A troll (D:9)
  A hornet (D:7)
  2 wraiths (D:9)
  4 yaks (D:9)
  2 steam dragons (D:9)
  Menkaure (D:5)
  An acid dragon (D:9)
  A water moccasin (D:7)
  An ice beast (D:5)
  2 orc warriors (D:9)
  5 necrophages (D:6)
  A sky beast (D:8)
  5 centaurs
  2 ogres
  2 lemures (D:3)
  4 kobold brigands
  A bullfrog (D:9)
  4 scorpions
  A gnoll sergeant (D:9)
  Dowan (D:4)
  A wyvern skeleton (D:7)
  A killer bee (D:9)
  14 wights
  2 howler monkeys
  2 hounds (D:6)
  A jelly (D:2)
  2 centaur zombies (D:6)
  A human zombie (D:6)
  An orc priest (D:7)
  2 bullfrog skeletons (D:5)
  A gnoll shaman (Temple)
  Jessica (D:2)
  2 centaur skeletons
  Terence (D:2)
  2 iguanas
  5 orc wizards
  Natasha (thrice) (D:3)
  2 killer bee zombies (D:7)
  A centaur simulacrum (D:9)
  2 hound skeletons (D:4)
  4 mummies (D:6)
  2 howler monkey zombies
  Robin (D:2)
  9 gnolls
  A howler monkey skeleton (D:7)
  4 adders
  A shadow imp (D:7)
  A white imp (D:5)
  An adder skeleton (D:4)
  A worm (D:2)
  14 orcs
  13 endoplasms
  9 giant cockroaches
  24 goblins
  7 hobgoblins
  8 jackals
  5 quokkas
  5 ball pythons
  3 bats
  5 frilled lizards
  10 kobolds
  24 rats
251 creatures vanquished.

Vanquished Creatures (collateral kills)
  A dart slug (D:4)
1 creature vanquished.

Vanquished Creatures (others)
  Duvessa (D:4)
  3 plants (D:9)
4 creatures vanquished.

Grand Total: 256 creatures vanquished

Notes
Turn   | Place    | Note
-------+----------+-------------------------------------------
     0 | D:1      | avis the Octopode Transmuter began the quest for the Orb.
     0 | D:1      | Reached XP level 1. HP: 13/13 MP: 3/3
    10 | D:1      | Reached skill level 1 in Stealth
   152 | D:1      | Reached XP level 2. HP: 15/18 MP: 3/5
   712 | D:1      | Reached skill level 1 in Poison Magic
   716 | D:1      | Reached XP level 3. HP: 5/24 MP: 6/6
  1256 | D:1      | Learned a level 3 spell: Spider Form
  1932 | D:2      | Noticed Robin
  1954 | D:2      | Noticed Jessica
  1967 | D:2      | Killed Jessica
  1968 | D:2      | Reached XP level 4. HP: 26/29 MP: 2/7
  2234 | D:1      | Reached skill level 4 in Unarmed Combat
  2389 | D:2      | Killed Robin
  2949 | D:2      | Reached XP level 5. HP: 18/36 MP: 8/8
  3355 | D:2      | Noticed Terence
  3368 | D:2      | Killed Terence
  3437 | D:2      | Found a faded altar of an unknown god.
  4038 | D:3      | Reached XP level 6. HP: 41/42 MP: 5/9
  4075 | D:3      | Found a sparkling altar of Nemelex Xobeh.
  4253 | D:3      | Learned a level 4 spell: Ice Form
  4837 | D:4      | Noticed Natasha
  4838 | D:4      | Noticed Pikel
  4842 | D:3      | Killed Natasha
  4843 | D:3      | Reached skill level 5 in Unarmed Combat
  4954 | D:3      | Noticed Natasha
  4960 | D:3      | Killed Natasha
  4973 | D:3      | Noticed Natasha
  4980 | D:3      | Killed Natasha
  5119 | D:3      | Reached skill level 1 in Ice Magic
  5119 | D:3      | Reached XP level 7. HP: 30/46 MP: 7/11
  5223 | D:4      | Noticed Duvessa
  5223 | D:4      | Noticed Dowan
  5462 | D:3      | Killed Pikel
  5463 | D:3      | Reached XP level 8. HP: 20/52 MP: 9/12
  5702 | D:4      | Killed Duvessa
  5703 | D:4      | Reached skill level 6 in Unarmed Combat
  5703 | D:4      | Killed Dowan
  6106 | D:4      | Found the +7 sceptre of Torment {pain, torment}
  6523 | D:5      | Entered Level 5 of the Dungeon
  6709 | D:5      | Noticed Menkaure
  6717 | D:5      | Killed Menkaure
  6718 | D:5      | Reached skill level 7 in Unarmed Combat
  6934 | D:5      | Reached skill level 5 in Fighting
  7921 | D:6      | Reached XP level 9. HP: 51/61 MP: 13/13
  7926 | D:6      | Reached skill level 8 in Unarmed Combat
  8127 | D:6      | Noticed an eight-headed hydra
  8133 | D:6      | Killed an eight-headed hydra
  8134 | D:6      | Reached skill level 5 in Dodging
  8134 | D:6      | Reached skill level 9 in Unarmed Combat
  9149 | D:6      | Found an ancient bone altar of Kikubaaqudgha.
  9215 | D:6      | Reached skill level 10 in Unarmed Combat
  9239 | D:6      | Reached XP level 10. HP: 62/66 MP: 12/14
  9246 | D:6      | Reached skill level 5 in Transmutations
 10205 | D:7      | Paralysed by a hornet for 1 turns
 10431 | D:7      | Found a staircase to the Ecumenical Temple.
 10446 | Temple   | Entered the Ecumenical Temple
 10721 | Temple   | Became a worshipper of Gozag Ym Sagoz the Greedy
 10744 | D:7      | Noticed Maggie
 10760 | D:7      | Killed Maggie
 10761 | D:7      | Reached skill level 11 in Unarmed Combat
 11276 | D:7      | Found an ornate altar of the Wu Jian Council.
 11528 | D:8      | Noticed a two-headed ogre
 11539 | D:8      | Killed a two-headed ogre
 11742 | D:8      | Noticed Erica
 11759 | D:8      | Killed Erica
 11760 | D:8      | Reached skill level 12 in Unarmed Combat
 12205 | D:8      | Learned a level 3 spell: Ozocubu's Armour
 12216 | D:8      | Found Voasow's Magic Scroll Shop.
 12231 | D:8      | Noticed Psyche
 12233 | D:8      | Bought a scroll of noise for 15 gold pieces
 12233 | D:8      | Bought a scroll of blinking for 112 gold pieces
 12233 | D:8      | Bought a scroll of teleportation for 45 gold pieces
 12233 | D:8      | Bought a scroll of enchant armour for 112 gold pieces
 12233 | D:8      | Bought 3 scrolls of identify for 90 gold pieces
 12233 | D:8      | Bought a scroll of identify for 30 gold pieces
 12233 | D:8      | Bought a scroll of identify for 30 gold pieces
 12233 | D:8      | Bought a scroll of vulnerability for 112 gold pieces
 12246 | D:8      | Killed Psyche
 12247 | D:8      | Reached XP level 11. HP: 73/75 MP: 12/15
 12624 | D:8      | Bought a scroll of teleportation for 45 gold pieces
 12635 | D:9      | Noticed a cyclops
 12804 | D:9      | Killed a cyclops
 12918 | D:9      | Found a staircase to the Orcish Mines.
 12950 | D:9      | Noticed a two-headed ogre
 12968 | D:9      | Killed a two-headed ogre
 12971 | D:9      | HP: 1/75 [something/ball of steam (11)]
 12987 | D:9      | Reached skill level 13 in Unarmed Combat
 13015 | D:9      | Reached skill level 1 in Shields
 13229 | D:9      | Noticed a two-headed ogre
 13233 | D:9      | Noticed a deep elf pyromancer
 13858 | D:9      | Found a shimmering altar of Xom.
 13959 | D:9      | Noticed a two-headed ogre
 14143 | D:9      | Identified the +2 robe of Death's Door {rC+ Archmagi}
 14143 | D:9      | Noticed a centaur warrior
 14170 | D:9      | Killed a centaur warrior
 14507 | D:9      | Noticed a death knight
 14821 | D:8      | HP: 5/115 [death knight (9)]
 14822 | D:8      | HP: 1/115 [death knight (3)]
 14822 | D:8      | Mangled by a death knight

Illustrated notes

Levels and vault maps discovered:
D:1:      dpeg_arrival_prison, layout_loops_ring, serial_rivers,
          chequers_serial_rivers_small_3, chequers_serial_rivers_small_b,
          chequers_serial_rivers_micro_a, chequers_serial_rivers_micro_c,
          chequers_serial_rivers_micro_a
D:2:      layout_rooms, hellmonk_ecumenical_altar_dog_temple, minmay_rat_hole,
          uniq_robin, uniq_terence, uniq_jessica
D:3:      kennysheep_the_goblin_king, layout_basic, overflow_temple_1_default,
          small_statue_intersection
D:4:      layout_cave_pools, uniq_natasha, uniq_pikel, uniq_duvessa
D:5:      layout_basic, nrook_uturn, uniq_menkaure
D:6:      layout_loops_ring, lemuel_mausoleum_altar_kikubaaqudgha
D:7:      lemuel_ice_spiral_2, layout_rooms, pdpol_wu_jian_five_deadly_venoms,
          minmay_temple_entry_mist, serial_rivers,
          chequers_serial_rivers_micro_c, chequers_serial_rivers_micro_b,
          chequers_serial_rivers_small_3, chequers_serial_rivers_large_b,
          uniq_maggie
D:8:      layout_cave_pools, serial_shops, shop, chequers_serial_rivers_large_a,
          uniq_psyche, uniq_erica
D:9:      nzn_winding_woodlands_stair_cross [nzn_winding_woodlands_5x15_zeroes,
          nzn_winding_woodlands_center_pierced_h,
          nzn_winding_woodlands_5x15_sidewinder,
          nzn_winding_woodlands_5x5_perimeter,
          nzn_winding_woodlands_5x5_open_star,
          nzn_winding_woodlands_5x15_pathside_ponds,
          nzn_winding_woodlands_center_diamonds,
          nzn_winding_woodlands_5x15_longhouse], layout_basic,
          overflow_temple_1_default
Temple:   hc_temple_tempest_star

Skill      XL: |  1  2  3  4  5  6  7  8  9 10 11 |
---------------+----------------------------------+-----
Stealth        | 2 3 |  3.0
Fighting       | 2 3 5 7 8 |  8.0
Poison Magic   | 1 2 |  2.0
Unarmed Combat | 4 5 7 10 12 13 | 13.0
Transmutations | 3 4 5 |  5.0
Spellcasting   | 3 |  3.0
Ice Magic      | 1 4 |  4.0
Dodging        | 3 5 |  5.0
Shields        | 4 |  4.5

Action                   |  1- 3 |  4- 6 |  7- 9 | 10-12 || total
-------------------------+-------+-------+-------+-------++-------
Melee: Unarmed           |    88 |   105 |    84 |   248 ||   525
       Kick              |    22 |    17 |    30 |     7 ||    76
       Constrict         |    19 |    14 |    22 |     7 ||    62
       Tentacles         |     9 |     6 |    12 |     9 ||    36
       Punch             |     3 |     3 |     4 |     6 ||    16
       Dagger            |       |    52 |     6 |       ||    58
       Eveningstar       |       |       |    37 |    12 ||    49
       Trident           |       |       |    50 |    24 ||    74
       Scimitar          |       |       |       |    26 ||    26
Throw: Dart              |       |     3 |       |       ||     3
 Cast: Beastly Appendage |    28 |    20 |    25 |     7 ||    80
       Spider Form       |     3 |    23 |    15 |    48 ||    89
       Ice Form          |       |       |     2 |     8 ||    10
Invok: Potion Petition   |       |       |       |     1 ||     1
  Use: Scroll            |       |       |       |    11 ||    11
       Potion            |       |       |       |     8 ||     8
 Stab: Sleeping          |    15 |     9 |    10 |     5 ||    39
       Distracted        |       |       |       |     1 ||     1
Armor: Skin              |    11 |    23 |    41 |    77 ||   152
Dodge: Dodged            |    39 |   111 |   124 |   249 ||   523
Block: Buckler           |       |       |       |     7 ||     7
